 Dungeon Crawl Stone Soup version 0.30-a0-738-g116ff8c4af (webtiles) character file.

Game seed: 11058574514103425793

121342 tilp the Warmonger (level 18, -13/166 HPs)
             Began as a Meteoran Fighter on Feb 2, 2023.
             Was a High Priest of Okawaru.
             Killed from afar by a nagaraja (30 damage)
             ... with a bolt of poison
             ... on level 4 of the Snake Pit on Feb 3, 2023.
             The game lasted 01:05:35 (10680 turns).

tilp the Warmonger (Meteoran Fighter)              Turns: 10680, Time: 01:05:36

Health: -13/166    AC: 40    Str: 18    XL:     18   Next: 1%
Magic:  0/31       EV: 23    Int: 16    God:    Okawaru [*****.]
Gold:   471        SH: 16    Dex: 30    Spells: 17/17 levels left

rFire   + . .      SeeInvis +    a - +3 scimitar (flame)
rCold   + . .      Faith    .    c - +0 kite shield {AC+3}
rNeg    . . .      Spirit   +    d - +8 chain mail of Hepliaklqana, Brewing {rElec rF+ Regen+ Dex+3}
rPois   .          Reflect  .    P - +2 helmet of the Swamp {Slay+5}
rElec   +          Harm     .    U - +1 cloak of Starlight {*Dazzle EV+4 Stlth--}
rCorr   .          Rampage  .    S - +0 pair of gloves
Will    ++...                    O - +2 pair of boots
Stlth   +                        A - amulet of Lies {Spirit +Inv Int+4 SInv}
HPRegen 1.27/turn                b - +6 ring of dexterity
MPRegen 0.22/turn                p - ring of Ufacsuru {rC+ AC+4 Stlth+}

@: mighty, lethally poisoned (-13 -> -38), heroic, finesse-ful, weakened,
slowed, glowing, constricted, very slow
A: sense surroundings 3, otherworldly, glowing, explore regen
a: Renounce Religion, Evoke Invisibility, Heroism, Finesse, Duel


You were on level 4 of the Snake Pit.
You worshipped Okawaru.
Okawaru was extremely pleased with you.
You visited 5 branches of the dungeon, and saw 27 of its levels.
You also visited: Ossuary and Bailey.

You collected 1789 gold pieces.
You spent 1318 gold pieces at shops.

Inventory:

Hand Weapons
 a - a +3 scimitar of flaming (weapon)
 N - a +3 scimitar of protection
 W - the +2 great sword "Ceomesek" {spect, rElec Str+3 Int+3 Dex-2}
   (Okawaru gifted it to you on level 5 of the Lair of Beasts)

   Str:       It affects your strength (+3).
   Int:       It affects your intelligence (+3).
   Dex:       It affects your dexterity (-2).
   rElec:     It insulates you from electricity.
Missiles
 h - 5 atropa-tipped darts
 o - 16 boomerangs (quivered)
 B - 14 curare-tipped darts
 D - 3 poisoned darts
 F - 4 throwing nets {!f}
 I - 6 silver boomerangs
 J - 15 javelins
 M - 11 silver javelins
Armour
 c - a +0 kite shield of protection (worn)
 d - the +8 chain mail of Hepliaklqana, Brewing (worn) {rElec rF+ Regen+ Dex+3}
   (You found it on level 4 of the Snake Pit)

   Dex:       It affects your dexterity (+3).
   rF:        It protects you from fire.
   rElec:     It insulates you from electricity.
   Regen:     It increases your rate of health regeneration.
 K - a +3 scale mail of poison resistance
 O - a +2 pair of boots (worn)
 P - the +2 helmet of the Swamp (worn) {Slay+5}
   (Okawaru gifted it to you on level 4 of the Lair of Beasts)

   Slay:      It affects your accuracy & damage with ranged weapons and melee
   (+5).
 R - a +0 tower shield
 S - a +0 pair of gloves (worn)
 U - the +1 cloak of Starlight (worn) {*Dazzle EV+4 Stlth--}
   (Okawaru gifted it to you on level 2 of the Snake Pit)

   *Dazzle:   It may blind those who miss an attack against the wearer in melee
   combat.
   EV:        It affects your evasion (+4).
   Stlth:     It makes you much less stealthy.
Jewellery
 b - a +6 ring of dexterity (left hand)
 m - a ring of positive energy
 p - the ring of Ufacsuru (right hand) {rC+ AC+4 Stlth+}
   (You bought it in a shop on level 2 of the Snake Pit)

   [ring of protection]

   AC:        It affects your AC (+4).
   rC:        It protects you from cold.
   Stlth:     It makes you more stealthy.
 y - a ring of protection from fire
 A - the amulet of Lies (around neck) {Spirit +Inv Int+4 SInv}
   (You found it on level 4 of the Dungeon)

   [amulet of guardian spirit]

   It causes incoming damage to be divided between your reserves of health and
   magic.
   Int:       It affects your intelligence (+4).
   SInv:      It lets you see invisible.
   +Inv:      It lets you turn invisible.
 C - an amulet of reflection
 H - an amulet of regeneration
 X - an amulet of faith
Wands
 k - a wand of digging (13)
 n - a wand of paralysis (16)
 T - a wand of flame (13)
 Y - a wand of polymorph (14)
Scrolls
 e - 6 scrolls of immolation
 g - 4 scrolls of enchant weapon
 r - 7 scrolls of teleportation
 E - 2 scrolls of fog
 G - 2 scrolls of vulnerability
 L - a scroll of brand weapon
Potions
 i - 10 potions of curing
 j - 2 potions of berserk rage {unknown}
 l - 2 potions of cancellation
 q - 6 potions of heal wounds
 t - 4 potions of attraction
 u - 3 potions of resistance
 v - 3 potions of mutation
 w - a potion of magic {unknown}
 x - 3 potions of lignification
 Q - a potion of experience {unknown}
 V - a potion of ambrosia {unknown}
 Z - 2 potions of haste
Miscellaneous
 s - a phial of floods (inert)


   Skills:
 * Level 15.7(20.7) Fighting
 - Level 16.0(21.0) Long Blades
 - Level 8.0(13.0) Throwing
 - Level 10.0(15.0) Armour
 + Level 14.3(19.3) Dodging
 + Level 4.8(9.8) Stealth
 + Level 7.9(12.9) Shields
 + Level 17.2 Invocations
 - Level 8.0 Evocations


You had 17 spell levels left.
You didn't know any spells.
Your spell library was empty.

Dungeon Overview and Level Annotations

Branches:
Dungeon (15/15) Zot: 3806  Temple (1/1) D:4 Zot: 572    Lair (5/5) D:9 Zot: 782
 Shoals (0/4) Lair:2        Snake (4/4) Lair:2 Zot: 1378   Slime (0/5) Lair:4
    Orc (2/2) D:9 Zot: 142     Elf (0/3) Orc:2        Vaults (0/5) D:14
 Depths (0/4) D:15        Ossuary (visited)          Bailey (visited)

Altars:
Ashenzari
Cheibriados
Dithmenos
Elyvilon
Fedhas
Gozag
Hepliaklqana
Kikubaaqudgha
Nemelex Xobeh
Okawaru
Qazlal
Ru
Trog
Uskayaw
Vehumet
Wu Jian
Yredelemnul
The Shining One
Jiyva
Lugonu

Shops:
D:1 *   D:5 (   Orc:1 :   Orc:2 *([=   Snake:2 =:=

Portals:
Abyss: Lair:5

Annotations:
D:11 3 runed translucent doors (neqs + mut), KingMieszko3's ghost, journeyman MiBe
Orc:1 2 transporters, Leosebu's ghost, adept DjCj


Innate Abilities, Weirdness & Mutations

You passively map a large area around you.
You are easily found by Zot.
You glow in the dark.
You regain HP and MP as you explore.


Message History

The nagaraja hits you but does no damage.
The nagaraja constricts you.
You slash the nagaraja! You burn the nagaraja.
The nagaraja is heavily wounded.
You feel sick. The nagaraja casts a spell at you. The bolt of poison hits you!!
You are more poisoned.
* * * LOW HITPOINT WARNING * * *
The nagaraja constricts you.
* * * LOW HITPOINT WARNING * * *
You slice the nagaraja!! You burn the nagaraja.
The nagaraja is almost dead.
* * * LOW HITPOINT WARNING * * *
You feel very sick.
You feel better. The nagaraja spits poison at you.
The splash of poison hits you but does no damage.
You are poisoned.
You have difficulty breathing.
* * * LOW HITPOINT WARNING * * *
You feel as though you will be slow longer.
The nagaraja constricts you.
The nagaraja gestures at you while chanting.
You block the poison arrow. The nagaraja constricts you.
You block the salamander's attack. The naga mage spits poison at you.
The splash of poison misses you.
The nagaraja gestures at you while chanting.
The bolt of poison misses you. The nagaraja constricts you.
Unknown command.
You closely miss the nagaraja.
The nagaraja is almost dead.
You feel very sick. You block the naga mage's attack.
The salamander completely misses you.
The salamander is temporarily struck blind!
The nagaraja points at you and mumbles some strange words.
The bolt of poison hits you!!
You are lethally poisoned!
You die...

##...######
#.....#####, ,, ##..#
##..##.....##..## * ,
####*#.......⌠..††...##
, #
.....8.....8.......# ,
##
#....#.....#....#...#,
, , .## ,
##..###...###..##*..#
,, ..# , #... ##'##
#...#* .# , #.# ,,*#..
*##.NN###...# .* , ###
## #..N@.###.## ,, *, ,
*,, #..8))# .N, , ,
##[.)## , , ##[##* * *
##...## , , , , #....S#
, , ,' ,#..8..# ,', * *
, ##[.[## , * , ##N##
** 8 ,


You could see a nagaraja (fast, curare), a salamander (blind) and a naga mage
(fast, catching breath).

Vanquished Creatures
  Rupert (Orc:2)
  2 quicksilver dragons (Snake:4)
  Gastronok (D:11)
  Agnes (Snake:4)
  5 nagarajas
  2 orc warlords
  Azrael (Orc:1)
  Snorg (D:11)
  An ettin (D:15)
  Harold (Lair:1)
  A rakshasa (D:14)
  3 hydras
  8 centaur warriors
  4 salamander tyrants (Snake:4)
  4 anacondas
  3 two-headed ogres
  3 boulder beetles
  7 naga warriors
  8 death yaks
  Urug (Orc:2)
  4 thrashing horrors (Lair:5)
  An orc high priest (Orc:2)
  3 tengu warriors
  3 naga sharpshooters
  4 shock serpents
  Amaemon (D:11)
  A salamander mystic (Snake:4)
  4 skeletal warriors (D:15)
  An orb spider (shapeshifter) (Lair:5)
  A deep troll (D:15)
  A glowing orange brain (D:11)
  A deep elf archer (D:14)
  3 wizards (D:15)
  Pikel (D:6)
  A deep elf pyromancer (D:14)
  3 orc knights
  3 mana vipers
  2 deep elf zephyrmancers (D:14)
  22 ugly things
  A cyclops (shapeshifter) (Lair:5)
  3 orc sorcerers
  3 salamanders
  Maurice (D:11)
  10 elephants
  3 cyclopes
  2 merfolk sirens (Lair:2)
  2 guardian serpents (Snake:4)
  4 naga magi
  6 cane toads
  3 torpor snails
  A smoke demon (Lair:5)
  17 black mambas
  5 komodo dragons
  A torpor snail (shapeshifter) (D:11)
  An orange demon (D:11)
  2 rime drakes
  An efreet (D:15)
  A komodo dragon (shapeshifter) (D:13)
  4 yaktaurs
  5 trolls
  2 large abominations (Lair:5)
  3 meliai (D:15)
  2 merfolk (Lair:2)
  2 polar bears
  A hornet (D:9)
  22 blink frogs
  12 dream sheep
  4 slime creatures
  A culicivora (shapeshifter) (Lair:5)
  2 shadows
  3 spriggans (Bailey)
  4 wyverns (D:9)
  2 ynoxinuls (Lair:5)
  2 vampires
  36 yaks
  A golden eye (shapeshifter) (D:15)
  4 vampire mosquitoes (D:11)
  A wyvern (shapeshifter) (D:15)
  A steam dragon (Bailey)
  A fire elemental (Orc:1)
  6 basilisks
  3 wargs
  17 nagas
  6 small abominations (Lair:5)
  19 water moccasins
  3 hell hounds (Orc:1)
  A black bear (D:6)
  22 orc warriors
  2 sky beasts
  An ice beast (D:5)
  9 ogres
  11 centaurs
  23 wolves
  6 bullfrogs
  4 scorpions
  A necrophage (D:6)
  4 howler monkeys (D:9)
  19 orc priests
  4 hounds (D:6)
  5 jellies
  2 gnoll boudas (D:6)
  An iguana (D:6)
  17 orc wizards
  Natasha (D:3)
  A boggart simulacrum (D:14)
  12 mummies (Ossuary)
  9 gnolls
  3 adders
  2 shadow imps (D:6)
  2 white imps
  4 dart slugs
  40 orcs
  6 ball pythons
  2 bats
  6 endoplasms
  2 giant cockroaches (D:2)
  7 goblins
  4 hobgoblins
  6 jackals
  2 kobolds (D:2)
  2 quokkas
  A frilled lizard (D:2)
  A gnoll skeleton (Ossuary)
  2 goblin skeletons (Ossuary)
  2 kobold skeletons (Ossuary)
  3 orc skeletons (Ossuary)
  2 rats (D:1)
  11 rat skeletons (Ossuary)
619 creatures vanquished.

Vanquished Creatures (others)
  A naga (Snake:4)
  16 fungi
  18 plants
35 creatures vanquished.

Grand Total: 654 creatures vanquished

Notes
Turn   | Place    | Note
-------+----------+-------------------------------------------
     0 | D:1      | tilp the Meteoran Fighter began the quest for the Orb.
     0 | D:1      | Reached XP level 1. HP: 19/19 MP: 2/2
   107 | D:2      | Reached XP level 2. HP: 25/26 MP: 3/3
   176 | D:1      | Reached skill level 1 in Dodging
   304 | D:2      | Reached XP level 3. HP: 31/31 MP: 4/4
   464 | D:1      | Found Gulacid's General Store.
   584 | D:2      | Reached XP level 4. HP: 38/38 MP: 5/5
   784 | D:1      | Bought a scroll of enchant armour for 90 gold pieces
   896 | D:3      | You fall into a shaft and drop 3 floors!
  1001 | D:6      | Noticed a bullfrog
  1001 | D:6      | Noticed a bullfrog
  1008 | D:6      | Killed a bullfrog
  1009 | D:6      | Reached skill level 1 in Throwing
  1009 | D:6      | Reached skill level 1 in Stealth
  1009 | D:6      | Reached skill level 1 in Evocations
  1009 | D:6      | Reached XP level 5. HP: 43/46 MP: 6/6
  1012 | D:6      | Killed a bullfrog
  1013 | D:6      | Reached XP level 6. HP: 38/52 MP: 7/7
  1051 | D:6      | Reached XP level 7. HP: 29/59 MP: 8/8
  1069 | D:6      | Noticed Pikel
  1084 | D:6      | Killed Pikel
  1085 | D:6      | Reached XP level 8. HP: 55/67 MP: 9/9
  1122 | D:5      | Entered Level 5 of the Dungeon
  1122 | D:5      | Found a stormy altar of Qazlal.
  1164 | D:5      | Found a radiant altar of Vehumet.
  1297 | D:5      | Found a sand-covered staircase.
  1306 | Ossuary  | Entered an ossuary
  1327 | Ossuary  | Reached skill level 5 in Fighting
  1594 | Ossuary  | Gained mutation: You passively map the area around you.
                  | [Meteoran growth]
  1594 | Ossuary  | Reached XP level 9. HP: 72/74 MP: 10/10
  1688 | D:5      | Found Pijiuri's Antique Weapon Shop.
  1703 | D:5      | Found a glowing golden altar of the Shining One.
  1710 | D:5      | Found a hide-covered altar of Uskayaw.
  1719 | D:5      | Found a bloodstained altar of Trog.
  1992 | D:4      | Identified the amulet of Lies {Spirit +Inv Int+4 SInv}
  2024 | D:4      | Found a staircase to the Ecumenical Temple.
  2057 | D:3      | Noticed Natasha
  2066 | D:3      | Killed Natasha
  2096 | Temple   | Entered the Ecumenical Temple
  2118 | Temple   | Became a worshipper of Warmaster Okawaru
  2212 | D:5      | Found an opulent altar of Gozag.
  2477 | D:6      | Reached skill level 5 in Dodging
  2586 | D:6      | Reached skill level 1 in Invocations
  2690 | D:6      | Reached skill level 2 in Invocations
  2757 | D:6      | Reached * piety under Okawaru
  2853 | D:7      | Reached skill level 3 in Invocations
  2935 | D:9      | Noticed a seven-headed hydra
  2958 | D:8      | Reached XP level 10. HP: 23/84 MP: 2/13
  3031 | D:9      | Killed a seven-headed hydra
  3031 | D:9      | Reached ** piety under Okawaru
  3032 | D:9      | Reached skill level 4 in Invocations
  3045 | D:9      | Reached skill level 5 in Invocations
  3142 | D:9      | Found a flagged portal.
  3158 | Bailey   | Entered a bailey
  3173 | Bailey   | Reached skill level 6 in Invocations
  3206 | Bailey   | Reached *** piety under Okawaru
  3327 | Bailey   | Reached XP level 11. HP: 37/94 MP: 9/17
  3368 | Bailey   | Reached skill level 10 in Long Blades
  3368 | Bailey   | Reached skill level 7 in Invocations
  3402 | Bailey   | Noticed a two-headed ogre
  3428 | Bailey   | Identified the +4 dagger "Quterriosa" {flame, rF- rCorr
                  | Dex+3}
  3448 | Bailey   | Killed a two-headed ogre
  3449 | Bailey   | Reached skill level 8 in Invocations
  3583 | D:9      | Found a staircase to the Lair.
  3602 | D:9      | Reached **** piety under Okawaru
  3631 | Lair:1   | Entered Level 1 of the Lair of Beasts
  3678 | D:9      | Found a staircase to the Orcish Mines.
  3680 | D:9      | Paralysed by a hornet for 3 turns
  3745 | D:10     | Entered Level 10 of the Dungeon
  3897 | Orc:1    | Entered Level 1 of the Orcish Mines
  3904 | Orc:1    | Found Jilicric's Book Emporium.
  3920 | Orc:1    | Noticed an orc sorcerer
  3932 | Orc:1    | Paralysed by an orc sorcerer for 4 turns
  3940 | Orc:1    | Noticed a sixfirhy
  3940 | Orc:1    | Killed an orc sorcerer
  3940 | Orc:1    | Received a gift from Okawaru
  3941 | Orc:1    | Reached skill level 9 in Invocations
  3970 | Orc:2    | Entered Level 2 of the Orcish Mines
  3970 | Orc:2    | Found a staircase to the Elven Halls.
  4017 | Orc:2    | Noticed an orc sorcerer
  4054 | Orc:1    | Killed an orc sorcerer
  4156 | Orc:1    | Reached skill level 5 in Throwing
  4156 | Orc:1    | Reached skill level 5 in Armour
  4156 | Orc:1    | Reached skill level 5 in Evocations
  4176 | Orc:1    | Found a transporter.
  4218 | Orc:2    | Noticed Azrael
  4276 | Orc:1    | Reached XP level 12. HP: 32/103 MP: 6/20
  4445 | Orc:1    | Killed Azrael
  4476 | Orc:1    | Noticed Leosebu's ghost (adept DjCj)
  4492 | Orc:1    | Found a transporter.
  4578 | Orc:2    | Noticed an orc warlord
  4610 | Orc:1    | Killed an orc warlord
  4611 | Orc:1    | Reached skill level 10 in Invocations
  4679 | Orc:2    | Noticed Rupert
  4814 | Lair:2   | Received a gift from Okawaru
  4887 | Lair:2   | Found a staircase to the Snake Pit.
  4899 | Lair:2   | Noticed a boulder beetle
  4954 | Lair:2   | Killed a boulder beetle
  4978 | Lair:2   | Received a gift from Okawaru
  5035 | Lair:1   | Reached skill level 11 in Invocations
  5139 | Lair:2   | Reached XP level 13. HP: 73/111 MP: 17/22
  5207 | Lair:2   | Reached ***** piety under Okawaru
  5342 | Lair:2   | Found a staircase to the Shoals.
  5361 | Lair:2   | Noticed a death yak
  5376 | Lair:2   | Killed a death yak
  5377 | Lair:2   | Reached skill level 12 in Invocations
  5377 | Lair:2   | Noticed a death yak
  5378 | Lair:2   | Noticed a death yak
  5383 | Lair:2   | Killed a death yak
  5386 | Lair:2   | Killed a death yak
  5386 | Lair:2   | Received a gift from Okawaru
  5387 | Lair:2   | Reached skill level 10 in Dodging
  5446 | Lair:2   | Reached skill level 10 in Fighting
  5584 | Lair:3   | Received a gift from Okawaru
  5676 | Lair:4   | Noticed a death yak
  5685 | Lair:4   | Killed a death yak
  5690 | Lair:4   | Identified the +2 helmet of the Swamp {Slay+5} (Okawaru
                  | gifted it to you on level 4 of the Lair of Beasts)
  5690 | Lair:4   | Received a gift from Okawaru
  5690 | Lair:4   | Noticed a six-headed hydra
  5692 | Lair:4   | Noticed a death yak
  5694 | Lair:4   | Killed a three-headed hydra
  5698 | Lair:4   | Killed a death yak
  5712 | Lair:4   | Found a viscous altar of Jiyva.
  5749 | Lair:4   | Found a staircase to the Slime Pits.
  5756 | Lair:4   | Reached ****** piety under Okawaru
  5757 | Lair:4   | Reached XP level 14. HP: 122/122 MP: 24/24
  5960 | Lair:5   | Entered Level 5 of the Lair of Beasts
  6013 | Lair:4   | Reached skill level 13 in Invocations
  6230 | Lair:5   | Received a gift from Okawaru
  6283 | Lair:5   | Reached skill level 14 in Invocations
  6315 | Lair:5   | Identified the +2 great sword "Ceomesek" {spect, rElec
                  | Str+3 Int+3 Dex-2} (Okawaru gifted it to you on level 5 of
                  | the Lair of Beasts)
  6315 | Lair:5   | Received a gift from Okawaru
  6371 | Lair:5   | Reached skill level 15 in Invocations
  6447 | Lair:5   | Reached XP level 15. HP: 116/132 MP: 27/27
  6575 | Lair:5   | Received a gift from Okawaru
  6640 | Lair:5   | Received a gift from Okawaru
  6663 | Lair:5   | Found a corrupted altar of Lugonu.
  6663 | Lair:5   | Found a one-way gate to the infinite horrors of the Abyss.
  6922 | Orc:2    | Killed Rupert
  6922 | Orc:2    | Received a gift from Okawaru
  7001 | Orc:2    | Received a gift from Okawaru
  7002 | Orc:2    | Reached skill level 5 in Shields
  7036 | Orc:2    | Noticed Urug
  7050 | Orc:2    | Killed Urug
  7058 | Orc:2    | Noticed an orc warlord
  7078 | Orc:2    | Killed an orc warlord
  7096 | Orc:2    | Found Ifiastrann's Jewellery Emporium.
  7114 | Orc:2    | Found Yseucit's Antique Weapon Emporium.
  7186 | Orc:2    | Found Itocw's General Store.
  7194 | Orc:2    | Bought a wand of paralysis (4) for 144 gold pieces
  7194 | Orc:2    | Bought a potion of haste for 150 gold pieces
  7194 | Orc:2    | Bought 5 curare-tipped darts for 90 gold pieces
  7205 | Orc:2    | Found Pytoanwib's Antique Armour Emporium.
  7257 | D:9      | Upgraded the game from 0.30-a0-737-gf23d94013f to
                  | 0.30-a0-738-g116ff8c4af
  7356 | D:11     | Identified the +3 falchion "Gaugg" {heavy, rElec}
  7373 | D:11     | Noticed Maurice
  7381 | D:11     | Noticed Gastronok
  7390 | D:11     | Killed Maurice
  7404 | D:11     | Killed Gastronok
  7447 | D:11     | Noticed Snorg
  7458 | D:11     | Killed Snorg
  7638 | D:10     | Found a broken altar of Ashenzari.
  7721 | D:11     | Noticed Amaemon
  7741 | D:11     | Killed Amaemon
  7751 | D:11     | Found a runed translucent gate.
  7751 | D:11     | Found a runed translucent gate.
  7752 | D:11     | Found a runed translucent gate.
  7786 | Arena    | Entered the Arena
  7829 | D:11     | Found a runed translucent gate.
  7829 | D:11     | Found a runed translucent gate.
  7832 | D:11     | Found a runed translucent gate.
  7841 | D:11     | Noticed KingMieszko3's ghost (journeyman MiBe)
  8028 | D:13     | Reached XP level 16. HP: 134/143 MP: 25/28
  8071 | D:13     | Received a gift from Okawaru
  8288 | D:15     | Entered Level 15 of the Dungeon
  8409 | D:15     | Found a staircase to the Depths.
  8443 | D:15     | Received a gift from Okawaru
  8578 | D:15     | Reached skill level 16 in Invocations
  8599 | D:15     | Reached skill level 15 in Long Blades
  8824 | D:14     | Reached skill level 10 in Armour
  8975 | D:14     | Found a gate to the Vaults.
  9326 | Lair:1   | Noticed Harold
  9334 | Lair:1   | Killed Harold
  9335 | Lair:1   | Reached XP level 17. HP: 154/154 MP: 27/30
  9540 | Snake:1  | Entered Level 1 of the Snake Pit
  9639 | Snake:2  | Received a gift from Okawaru
  9726 | Snake:2  | Received a gift from Okawaru
  9726 | Snake:2  | Found the +1 cloak of Starlight {*Dazzle EV+4 Stlth--}
  9788 | Snake:2  | Noticed a nagaraja
  9799 | Snake:2  | Killed a nagaraja
  9835 | Snake:2  | Noticed a nagaraja
  9842 | Snake:2  | Killed a nagaraja
  9843 | Snake:2  | Found Fysarr Deut's Jewellery Shop.
  9843 | Snake:2  | Found Reuly's Book Emporium.
  9844 | Snake:2  | Found Ysery's Jewellery Shop.
  9861 | Snake:2  | Bought the ring of Ufacsuru {rC+ AC+4 Stlth+} for 844 gold
                  | pieces
  9941 | Snake:2  | Reached skill level 15 in Fighting
  9942 | Snake:2  | Found a blossoming altar of Fedhas.
 10085 | Snake:4  | Entered Level 4 of the Snake Pit
 10104 | Snake:4  | Identified the +8 chain mail of Hepliaklqana, Brewing
                  | {rElec rF+ Regen+ Dex+3}
 10260 | Snake:4  | Noticed a nagaraja
 10272 | Snake:4  | Killed a nagaraja
 10451 | Snake:4  | Noticed Agnes
 10459 | Snake:4  | Killed Agnes
 10531 | Snake:4  | Noticed a nagaraja
 10534 | Snake:4  | Noticed a quicksilver dragon
 10542 | Snake:4  | Noticed a quicksilver dragon
 10551 | Snake:4  | Killed a nagaraja
 10566 | Snake:4  | Killed a quicksilver dragon
 10567 | Snake:4  | Reached skill level 17 in Invocations
 10571 | Snake:4  | Noticed a nagaraja
 10592 | Snake:4  | Noticed a nagaraja
 10594 | Snake:4  | Killed a quicksilver dragon
 10594 | Snake:4  | Received a gift from Okawaru
 10613 | Arena    | Entered the Arena
 10646 | Snake:4  | Killed a nagaraja
 10666 | Snake:4  | Gained mutation: You passively map a large area around you.
                  | [Meteoran growth]
 10666 | Snake:4  | Reached XP level 18. HP: 22/166 MP: 2/31
 10680 | Snake:4  | Killed from afar by a nagaraja

Illustrated notes

Levels and vault maps discovered:
D:1:      nagdon_arrival_double_spiral, layout_basic, serial_shops,
          nicolae_square_shop
D:2:      layout_basic, ebering_ecumenical_altar_sacrificial, skrybe_limestone_x
D:3:      layout_loops_corners, lemuel_crystal_altar, kennysheep_boxes,
          uniq_natasha, uniq_grinder
D:4:      layout_loops_corners, minmay_temple_entry_water_ring, grunt_tough_drop
D:5:      layout_basic, grunt_gozag_breadcrumbs,
          nicolae_overflow_quartered_altars, nicolae_qazlal_scattered_showers,
          nicolae_ossuary_entry_monument, serial_shops,
          nicolae_inconvenience_store
D:6:      minmay_angry_zag, layout_layer_cave, ebering_ghost_disaster_area,
          uniq_pikel
D:7:      layout_basic, minmay_misc_feat_encased
D:8:      layout_rooms, grunt_temple_overflow_champion_of_chaos
D:9:      layout_irregular_city, minmay_lair_entry_grove, david_orc_3,
          enter_bailey_1
D:10:     layout_small_grid, kennysheep_mini, ashenzari_conservatory_becter
D:11:     layout_basic, ploomutoo_gammafunk_ghost_potion_laboratory,
          uniq_gastronok, uniq_amaemon, uniq_maurice, uniq_snorg
D:12:     layout_basic, uniq_sonja
D:13:     layout_loops_ring
D:14:     layout_rooms, hangedman_vaults_entry_quadrant_bands
D:15:     hangedman_depths_entry_civil_slaughter, layout_irregular_city
Temple:   minmay_freezing_vapour_temple
Lair:1:   layout_roguey, grunt_megastairs_5, uniq_harold
Lair:2:   layout_misc_corridors, elwin_shoals_entry_stream,
          minmay_snake_entry_guardpost_small, serial_bayou_shore_a,
          grunt_megastairs_4
Lair:3:   layout_cellular_growth, special_room [special_room_bee],
          gammafunk_ghost_cemetery
Lair:4:   layout_small_grid, nicolae_slime_entry_field_trip, grunt_megastairs_1
Lair:5:   hellmonk_lair_end_abyssal_woods, layout_gridlike
Snake:1:  layout_onion_interference, special_room, minmay_shoptagon
Snake:2:  layout_gridlike, basic_altar, minmay_shop_grove
Snake:3:  layout_layer_cave
Snake:4:  hellmonk_snake_rune_quicksilver_temple, layout_onion,
          serial_bayou_shore_b, nicolae_triple_integral, uniq_agnes, uniq_aizul
Orc:1:    layout_caves, gammafunk_ghost_berserking_beasts, serial_shops, shop
Orc:2:    grunt_orc_cross, layout_caves, biasface_ghost_orc_armoury, uniq_urug,
          uniq_rupert, uniq_azrael

Skill      XL: |  1  2  3  4  5  6  7  8  9 10 11 12 13 14 15 16 17 |
---------------+----------------------------------------------------+-----
Dodging        | 1 2 3 4 5 6 8 9 10 12 13 14 | 14.3
Long Blades    | 3 4 6 7 8 9 10 12 14 15 16 | 16.0
Shields        | 4 6 7 |  7.9
Armour         | 4 5 6 8 9 10 | 10.0
Throwing       | 1 2 3 4 5 6 7 8 |  8.0
Stealth        | 1 2 3 4 |  4.8
Evocations     | 1 2 3 4 5 6 7 8 |  8.0
Fighting       | 4 5 6 8 9 10 12 13 14 15 | 15.7
Invocations    | 3 6 9 11 12 15 16 17 | 17.2

Action                     |  1- 3 |  4- 6 |  7- 9 | 10-12 | 13-15 | 16-18 || total
---------------------------+-------+-------+-------+-------+-------+-------++-------
  Melee: Long sword        |   100 |    50 |   354 |   222 |       |       ||   726
         Dagger            |       |       |       |     2 |       |       ||     2
         Scimitar          |       |       |       |   412 |   836 |   644 ||  1892
  Throw: Stone             |       |     2 |     3 |       |       |       ||     5
         Dart              |       |       |       |    12 |       |       ||    12
         Boomerang         |       |       |       |     3 |    10 |     3 ||    16
 Invoke: Heroism           |       |       |       |    13 |    12 |     9 ||    34
         Finesse           |       |       |       |     2 |     6 |     2 ||    10
         Duel              |       |       |       |       |     1 |     1 ||     2
  Evoke: Wand              |       |       |     7 |     4 |     1 |       ||    12
         Phial of floods   |       |       |       |       |       |     1 ||     1
    Use: Scroll            |       |     6 |     8 |     2 |     6 |     4 ||    26
         Potion            |       |     1 |     1 |     4 |       |     8 ||    14
   Stab: Paralysed         |       |       |     9 |     2 |       |       ||    11
         Invisible         |       |       |       |     1 |       |    15 ||    16
         Sleeping          |       |       |       |       |     1 |     1 ||     2
         Distracted        |       |       |       |       |     1 |       ||     1
 Armour: Scale mail        |    75 |       |       |       |       |    30 ||   105
         Chain mail        |       |    28 |   140 |   174 |       |    85 ||   427
         Skin              |       |       |       |    16 |       |       ||    16
         Quicksilver drago |       |       |       |    89 |   270 |   132 ||   491
  Dodge: Dodged            |    72 |    20 |    86 |   361 |   581 |   490 ||  1610
  Block: Buckler           |    43 |     9 |    67 |   190 |   252 |   132 ||   693
         Kite shield       |       |       |       |       |       |   244 ||   244

Table legend: (Time is in decaauts)
 A = Elapsed time spent in this place.
 B = Non-inter-level travel time spent in this place.
 C = Inter-level travel time spent in this place.
 D = Time resting spent in this place.
 E = Time spent auto-exploring this place.
 F = Levels seen in this place.
 G = Mean time per level.
                   A        B        C        D        E       F      G
               +--------+--------+--------+--------+--------+-----+--------+
         Total |  10185 |   9131 |   1054 |    165 |      0 |  31 |  328.5 |
       Dungeon |   5194 |   4635 |    559 |     66 |      0 |  15 |  346.3 |
        Temple |     27 |     27 |      0 |      3 |      0 |   1 |   27.0 |
          Lair |   2217 |   1933 |    284 |      2 |      0 |   5 |  443.4 |
     Snake Pit |   1020 |    935 |     85 |      0 |      0 |   4 |  255.0 |
  Orcish Mines |   1057 |    931 |    126 |     40 |      0 |   2 |  528.5 |
       Ossuary |    323 |    323 |      0 |      0 |      0 |   1 |  323.0 |
        Bailey |    323 |    323 |      0 |     54 |      0 |   1 |  323.0 |
         Arena |     20 |     20 |      0 |      0 |      0 |   2 |   10.0 |
               +--------+--------+--------+--------+--------+-----+--------+

Top non-repeatable levels by time:
     D:6: 695 daAuts
   Orc:1: 687 daAuts
     D:5: 657 daAuts
     D:9: 583 daAuts
  Lair:5: 562 daAuts
    D:11: 561 daAuts
  Lair:2: 552 daAuts
     D:1: 501 daAuts
 Snake:4: 496 daAuts
  Lair:1: 485 daAuts
    D:14: 441 daAuts
    D:15: 406 daAuts
     D:2: 391 daAuts
  Lair:4: 375 daAuts
   Orc:2: 370 daAuts
